Map: Blackpink LE

Players

Xados

  • Race: Zerg Zerg
  • League: Master
  • Spawn Location: 1:00

OnePatchMan - Winner!

  • Race: Terran Terran
  • League: Diamond
  • Spawn Location: 7:00

VOD

Have the link to the VOD?

Description

Time

  • Played on: Dec. 16, 2017, 6:01 p.m.
  • Length: 11:59
Show
View Real Time Build Order
Export as new Build Order

Xados Zerg 

Build Orders: Hatch First 

Get SALT Encoding   

  12  0:01  Drone  
  13  0:12  Overlord  
  13  0:17  Drone  
  14  0:30  Drone x2  
  14  0:34  Drone  
  17  0:53  Hatchery  
  17  0:56  Drone  
  17  0:58  Drone  
  18  1:11  Extractor  
  18  1:15  Spawning Pool  
  18  1:17  Drone  
  17  1:20  Drone  
  18  1:28  Drone  
  19  1:38  Overlord  
  19  1:50  Drone  
  20  2:01  Queen  
  20  2:02  Zergling x2  
  20  2:05  Queen  
  20  2:06  Zergling x2  
  26  2:16  Metabolic Boost  
  26  2:17  Drone  
  26  2:18  Drone  
  26  2:21  Drone  
  29  2:27  Drone  
  30  2:44  Drone x2  
  30  2:45  Drone  
  30  2:48  Queen  
  30  2:50  Drone  
  36  3:00  Overlord  
  36  3:04  Hatchery  
  36  3:12  Drone  
  36  3:19  Drone x5  
  41  3:23  Lair  
  41  3:30  Extractor  
  41  3:31  Drone  
  41  3:32  Drone x3, Extractor  
  43  3:40  Drone  
  44  3:42  Overlord  
  44  3:45  Overlord  
  44  3:58  Overlord  
  44  4:04  Zergling x6  
  44  4:05  Zergling x4  
  49  4:12  Zergling x4  
  49  4:16  Overlord  
  51  4:19  Queen  
  53  4:26  Zergling x12, Hydralisk Den  
  53  4:27  Zergling x2  
  59  4:47  Zergling x10  
  59  4:48  Zergling x2  
  65  5:01  Muscular Augments  
  65  5:04  Hydralisk x4  
  73  5:07  Overlord  
  73  5:24  Hydralisk  
  73  5:25  Hydralisk x4  
  61  5:40  Hydralisk x3  
  61  5:42  Zergling x2  
  66  5:43  Zergling x2  
  66  5:44  Zergling x2  
  68  6:01  Hydralisk x3  
  74  6:04  Overlord  
  74  6:10  Overlord x2  
  74  6:19  Overlord  
  71  6:36  Zergling x20  
  71  6:37  Zergling x4  
  83  6:42  Overlord  
  83  6:52  Hydralisk  
  83  6:53  Hydralisk x2  
  71  7:18  Zergling x2  
  71  7:19  Zergling x22  
  75  7:25  Hydralisk  
  63  7:31  Drone  
  63  7:32  Drone x3  
  67  7:50  Drone x8  
  75  8:02  Drone  
  75  8:03  Drone x3  
  78  8:14  Baneling Nest  
  78  8:15  Drone x2  
  78  8:17  Drone  
  78  8:18  Drone x4  
  84  8:34  Extractor  
  84  8:35  Drone x2, Extractor  
  84  8:36  Drone  
  84  8:37  Drone x3  
  88  8:56  Overlord x3  
  88  8:57  Centrifical Hooks  
  88  9:04  Baneling x9  
  88  9:08  Hydralisk x5  
  88  9:09  Hydralisk x4  
  106  9:14  Zergling x10  
  106  9:15  Zergling x2  
  112  9:30  Hydralisk x4  
  112  9:31  Hydralisk x2  
  123  9:41  Zergling x2  
  123  9:42  Hydralisk x5  
  134  9:51  Zergling x2  
  134  9:52  Zergling x4  
  134  10:01  Drone x2  
  134  10:02  Drone  
  137  10:07  Evolution Chamber  
  137  10:08  Evolution Chamber  
  137  10:11  Hatchery, Extractor  
  137  10:12  Pneumatized Carapace  
  137  10:13  Extractor  
  125  10:46  Hydralisk  
  125  10:47  Hydralisk  
  125  10:48  Overlord x2  
  125  10:49  Overlord x2  
  128  10:57  Drone  
  128  11:00  Evolution Chamber  
  128  11:01  Evolution Chamber, Drone x2  
  128  11:02  Overlord  
  128  11:03  Overlord x3  
  129  11:06  Baneling x11  
  129  11:07  Baneling x18  
  129  11:08  Queen  
Show
View Real Time Build Order
Export as new Build Order

OnePatchMan Terran - Winner!

Build Orders: Reaper Expand, Bio Tank 

Get SALT Encoding   

  12  0:01  SCV  
  13  0:13  SCV  
  14  0:18  Supply Depot  
  14  0:25  SCV  
  15  0:39  SCV  
  15  0:40  Barracks  
  16  0:45  Refinery  
  16  0:51  SCV  
  17  1:03  SCV  
  18  1:15  SCV  
  19  1:28  Orbital Command  
  19  1:29  Reaper  
  20  1:46  Command Center  
  21  1:54  SCV  
  21  1:56  Supply Depot  
  21  2:01  Marine  
  21  2:06  SCV  
  23  2:11  Factory  
  23  2:18  Refinery  
  23  2:19  SCV  
  24  2:27  Barracks Reactor  
  24  2:31  SCV  
  25  2:43  SCV  
  25  2:55  SCV  
  25  2:56  Starport  
  27  3:00  Orbital Command  
  26  3:08  SCV  
  26  3:10  Barracks Tech Lab  
  26  3:12  Hellion x2  
  31  3:20  SCV  
  33  3:27  SCV  
  33  3:32  SCV  
  33  3:33  Hellion x2  
  38  3:38  Barracks Tech Lab  
  38  3:39  SCV  
  38  3:41  Viking  
  41  3:43  Supply Depot  
  41  3:44  SCV  
  42  3:51  SCV  
  43  3:56  Hellion, SCV  
  46  4:05  Hellion, SCV  
  46  4:06  Supply Depot  
  46  4:08  SCV  
  50  4:11  Medivac  
  53  4:17  SCV  
  53  4:20  Armory  
  53  4:28  Hellion x2  
  53  4:30  Supply Depot  
  57  4:32  SCV  
  58  4:38  SCV  
  58  4:44  SCV  
  60  4:51  SCV  
  61  4:53  Command Center  
  61  4:59  Stimpack  
  61  5:03  SCV  
  61  5:04  SCV, Barracks  
  63  5:07  Engineering Bay  
  63  5:08  Barracks  
  63  5:09  Barracks  
  63  5:14  Marine  
  63  5:17  Starport Reactor, Siege Tank  
  64  5:32  Marine  
  61  5:39  SCV x2  
  61  5:42  Refinery, Terran Infantry Weapons Level 1  
  61  5:44  Engineering Bay  
  61  5:49  Siege Tank  
  58  5:50  Marine  
  58  5:51  SCV x2  
  58  5:52  Marine x2  
  63  6:01  Refinery, Barracks Reactor  
  63  6:02  Supply Depot, Barracks Reactor  
  63  6:03  SCV  
  64  6:04  Medivac  
  64  6:06  Orbital Command  
  64  6:08  Marine  
  64  6:09  SCV  
  64  6:10  Marine  
  69  6:12  Marine  
  69  6:16  SCV  
  71  6:18  Terran Infantry Armor Level 1  
  71  6:23  SCV  
  72  6:25  Marine  
  72  6:28  Marine  
  72  6:30  Marine  
  73  6:35  SCV, Viking  
  76  6:40  Marine x3, SCV  
  76  6:41  Marine  
  76  6:43  Marine  
  76  6:46  Supply Depot, Marine  
  83  6:47  Supply Depot  
  83  6:48  Marine  
  83  6:49  Terran Vehicle Weapons Level 1, Orbital Command  
  84  6:54  SCV  
  84  6:58  Marine x4  
  84  6:59  Combat Shields  
  89  7:01  Marine  
  83  7:10  Marine x2  
  77  7:18  Marine  
  77  7:20  Marine x3  
  67  7:29  SCV  
  60  7:30  SCV x2  
  60  7:33  Marine x3  
  60  7:35  Siege Tank  
  60  7:36  Marine, Medivac x2  
  72  7:37  Marine  
  72  7:41  SCV  
  72  7:42  Marine x2, SCV x2  
  78  7:49  Terran Infantry Weapons Level 2  
  78  7:51  Marine x3  
  80  7:54  Marine, SCV x3  
  80  7:55  Marine  
  86  8:00  Marine x2  
  88  8:06  SCV x2  
  88  8:07  Siege Tank  
  88  8:08  Marine x2  
  88  8:09  Marine  
  88  8:12  Supply Depot, Marine  
  97  8:13  Supply Depot  
  97  8:15  SCV  
  97  8:18  SCV x2  
  100  8:21  Marine x2  
  100  8:22  Supply Depot x2, Marine  
  100  8:26  Marine, Terran Infantry Armor Level 2  
  104  8:28  SCV  
  104  8:29  Marine x2  
  104  8:30  SCV  
  104  8:31  SCV  
  109  8:37  Marine  
  109  8:39  Siege Tank  
  109  8:40  SCV  
  114  8:42  Supply Depot, Marine  
  114  8:44  Supply Depot  
  115  8:50  Marine x2  
  115  8:51  Marine x3  
  115  8:55  Supply Depot, Marine  
  121  9:00  Marine  
  121  9:02  Command Center  
  122  9:08  Marine x3  
  125  9:11  Siege Tank  
  125  9:16  Marine x3  
  131  9:18  Concussive Shells, Marine  
  131  9:20  SCV  
  131  9:23  Supply Depot  
  131  9:24  Supply Depot  
  133  9:26  Marine x3  
  136  9:34  Marine x3, SCV x2  
  136  9:35  SCV  
  142  9:47  Marine  
  142  9:48  Marine x3  
  142  9:49  Siege Tank  
  142  9:50  Medivac x2  
  142  9:52  Marine x3  
  156  9:57  SCV x3  
  132  10:05  Marine x2  
  132  10:06  Marine  
  135  10:09  SCV x2  
  135  10:10  Marine x2, SCV  
  140  10:20  Medivac  
  140  10:21  Marine x2, SCV, Siege Tank  
  140  10:22  SCV x2  
  146  10:32  Marine x3  
  146  10:33  Marine, SCV  
  146  10:34  SCV x2  
  146  10:35  Marine, Medivac  
  155  10:39  Marine x2  
  155  10:41  SCV  
  159  10:46  SCV x2  
  159  10:49  Medivac, SCV  
  160  10:50  Marine x2  
  160  10:53  Siege Tank  
  160  10:54  Marine x3  
  163  10:58  SCV  
  163  11:08  Marine  
  164  11:14  Command Center  
  164  11:15  Marine x4  
  168  11:20  Marine x2  
  170  11:25  Siege Tank  
Tags
 
Add a new tag
Caveats
  • Supply blocks, unpowered buildings, or Contaminate may cause inaccurate times.
  • Supply counts are checked every 10 seconds.